 Dungeon Crawl Stone Soup version 0.20.1-1-g8b1a95d (console) character file.

294 Plasmagod the Shield-Bearer (level 6, -8/54 HPs)
             Began as a Minotaur Fighter on Dec 29, 2017.
             Was a Believer of Elyvilon.
             Killed by nerve-wracking pain
             ... invoked by an orc priest
              (13 damage)
             ... on level 4 of the Dungeon.
             The game lasted 01:08:03 (2553 turns).

Plasmagod the Shield-Bearer (Minotaur Fighter)      Turns: 2553, Time: 01:08:03

Health: -8/54      AC: 19    Str: 21    XL:     6   Next: 11%
Magic:  4/5        EV:  1    Int:  5    God:    Elyvilon [**....]
Gold:   163        SH: 10    Dex: 11    Spells: 5/5 levels left

rFire    . . .     SeeInvis .   a - +0 long sword
rCold    + . .     Gourm    .   i - +0 shield
rNeg     . . .     Faith    +   q - +0 crystal plate armour
rPois    .         Spirit   .   (helmet unavailable)
rElec    .         Reflect  .   (no cloak)
rCorr    .         Harm     .   n - +0 pair of gloves
MR       .....                  (no boots)
Stlth    ..........             p - amulet of faith
Regen    0.2/turn               u - ring of flight
MPRegen  0.1/turn               (no ring)

@: lethally poisoned (-8 -> -9)
A: retaliatory headbutt, horns 3, rugged brown scales 1, blink, cold resistance
1
a: Blink, Lesser Healing, Heal Other, Divine Protection, Renounce Religion,
Evoke Flight


You were on level 4 of the Dungeon.
You worshipped Elyvilon.
Elyvilon was pleased with you.
You were not hungry.

You visited 1 branch of the dungeon, and saw 4 of its levels.

You collected 163 gold pieces.

Inventory:

Hand Weapons
 a - a +0 long sword (weapon)
 o - a +1 dagger of venom
Missiles
 k - 9 tomahawks (quivered)
Armour
 b - a +0 scale mail
 i - a +0 shield (worn)
 m - a +3 chain mail
 n - a +0 pair of gloves (worn)
 q - a +0 crystal plate armour (worn)
Jewellery
 p - an amulet of faith (around neck)
 u - a ring of flight (left hand)
Wands
 t - a wand of confusion (22/48)
Scrolls
 l - 2 scrolls of remove curse
 s - a scroll of amnesia {unknown}
 v - a scroll of immolation {unknown}
 w - a scroll of fog {unknown}
Potions
 c - a potion of mutation
 d - a potion of might
 e - a potion of berserk rage {unknown}
 j - a potion of flight {unknown}
Comestibles
 f - a bread ration
 g - a chunk of flesh
 r - a royal jelly


   Skills:
 + Level 4.6 Fighting
 + Level 4.7 Long Blades
 + Level 5.0 Armour
 + Level 0.9 Dodging
 + Level 0.1 Stealth
 + Level 5.2 Shields


You had 5 spell levels left.
You didn't know any spells.

Dungeon Overview and Level Annotations

Branches:
Dungeon (4/15)
 Temple: D:4-7

Altars:
Elyvilon
Yredelemnul


Innate Abilities, Weirdness & Mutations

You reflexively headbutt those who attack you in melee.
You have a pair of large horns on your head.
You are partially covered in rugged brown scales. (AC +1, +3% HP)
You can translocate small distances at will.
Your flesh is cold resistant. (rC+)


Message History

The ball python bites you but does no damage.
The ball python constricts you.
You are healed.
You feel somewhat more hungry.
You feel sick. You block the adder's attack.
The ball python bites you but does no damage.
The ball python constricts you.
You escape the ball python's grasp.
The orc priest looks encouraged for a moment.
The adder bites you but does no damage.
The adder bites you but does no damage. x2
Your divine protection fades away.
You feel sick.
The orc priest hits you but does no damage.
You see here 24 stones.
The orc priest mumbles some strange prayers to Beogh against you.
Pain shoots through your body! Elyvilon protects you from harm!
The orc priest invokes the aid of Beogh against you.
Pain shoots through your body!
You die...

. .. ..# #..# ########
..# ##......##..#
#......S@..#########
#.....(.S..........##
##....o...............
##.....................
#......................
#......."..............
#........($...<.........
#.......................
#........................


You could see an orc priest, an adder and a ball python.

Vanquished Creatures
  A scorpion (D:4)
  2 orc wizards
  A bullfrog skeleton (D:3)
  A worker ant (D:4)
  7 adders
  A dart slug (D:3)
  2 leopard geckos (D:2)
  5 orcs
  5 giant cockroaches
  9 goblins
  4 hobgoblins
  3 jackals (D:1)
  5 kobolds
  2 quokkas (D:3)
  11 bats
  3 frilled lizards (D:2)
  4 rats
66 creatures vanquished.

Notes
Turn   | Place    | Note
-------+----------+-------------------------------------------
     0 | D:1      | Plasmagod the Minotaur Fighter began the quest for the Orb.
     0 | D:1      | Reached XP level 1. HP: 19/19 MP: 0/0
   231 | D:1      | Reached XP level 2. HP: 24/27 MP: 1/1
   630 | D:2      | Reached XP level 3. HP: 11/33 MP: 2/2
   906 | D:2      | Found a basalt altar of Yredelemnul.
  1017 | D:2      | Found a white marble altar of Elyvilon.
  1031 | D:2      | Became a worshipper of Elyvilon the Healer
  1425 | D:2      | Reached XP level 4. HP: 41/41 MP: 3/3
  1778 | D:3      | Reached * piety under Elyvilon
  1810 | D:3      | Gained mutation: You have a pair of large horns on your head. [potion of mutation]
  1810 | D:3      | Gained mutation: You can translocate small distances at will. [potion of mutation]
  1810 | D:3      | Gained mutation: You are partially covered in rugged brown scales. (AC +1, +3% HP) [potion of mutation]
  1810 | D:3      | Gained mutation: Your flesh is cold resistant. (rC+) [potion of mutation]
  1934 | D:3      | Reached XP level 5. HP: 48/48 MP: 4/4
  1963 | D:3      | Reached skill level 5 in Shields
  2258 | D:3      | Reached ** piety under Elyvilon
  2532 | D:4      | Reached skill level 5 in Armour
  2532 | D:4      | Reached XP level 6. HP: 21/54 MP: 5/5
  2540 | D:4      | HP: 2/54 [poisoned by a worker ant]
  2546 | D:4      | Elyvilon protects you from harm!
  2552 | D:4      | Elyvilon protects you from harm!
  2553 | D:4      | Killed from afar by an orc priest

Skill      XL: |  1  2  3  4  5 |
---------------+----------------+-----
Armour         | 4 5 |  5.0
Fighting       | 4 |  4.6
Shields        | 4 5 |  5.2
Long Blades    | 3 4 |  4.7
Dodging        | |  0.9
Stealth        | |  0.1

Action                   |  1- 3 |  4- 6 || total
-------------------------+-------+-------++-------
Melee: Long sword        |    92 |    97 ||   189
       Headbutt          |    11 |    19 ||    30
Invok: Lesser Healing    |       |     3 ||     3
       Divine Protection |       |     1 ||     1
 Abil: Blink             |       |     1 ||     1
  Use: Scroll            |     3 |     1 ||     4
       Potion            |       |     5 ||     5
  Eat: Chunk             |     1 |     2 ||     3
       Fruit             |     1 |       ||     1
       Meat ration       |       |     1 ||     1
Armor: Scale mail        |    54 |       ||    54
       Chain mail        |    14 |    37 ||    51
       Crystal plate arm |       |    86 ||    86
Dodge: Dodged            |    31 |    12 ||    43
Block: Shield            |    56 |    87 ||   143
       Rpst.: Long sword |     5 |     5 ||    10
